General information
- name: BNet
- type: Ladder team game (AT/RT)
- host: Battle.net
- saver: BEAR_AND
map: Highperch
- players: 6
- length: 09:48
- speed: Fast
- version: 1.26 W3XP
- replay type:

» download(70 KB)
Players
team 1 (winner)
BEAR_AND (
yellow | 125 APM | 1225 actions | 09:48)
2 Archmage
1 Blizzard
1 Brilliance Aura
1 Mountain King
1 Storm Bolt
» actions
| Assign group hotkey | 10 | |
| Basic commands | 9 | |
| Build / train | 39 | |
| Enter build submenu | 38 | |
| Enter hero's abilities submenu | 5 | |
| Right click | 762 | |
| Select / deselect | 147 | |
| Select group hotkey | 162 | |
| Use ability | 53 | |
1225 total
» units
» upgrades
» buildings
| Farm | 5 | |
| Lumber Mill | 1 | |
| Altar of Kings | 1 | |
| Scout Tower | 25 | |
| Arcane Tower | 2 | |
| Guard Tower | 10 | |
| Keep | 1 | |
| Town Hall | 1 | |
| Castle | 1 | |
| Arcane Sanctum | 1 | |
| Gryphon Aviary | 1 | |
49 total
» build order
00:12 Farm
00:20 Lumber Mill
00:43 Altar of Kings
01:22 Scout Tower
01:23 Scout Tower
01:26 Farm
01:47 Scout Tower
01:49 Scout Tower
01:51 Arcane Tower
02:05 Guard Tower
02:21 Guard Tower
02:39 Guard Tower
02:39 Guard Tower
02:55 Scout Tower
02:56 Scout Tower
03:01 Scout Tower
03:21 Farm
03:53 Keep
04:02 Guard Tower
04:05 Scout Tower
04:06 Scout Tower
04:15 Scout Tower
04:16 Scout Tower
04:16 Scout Tower
04:49 Guard Tower
04:50 Guard Tower
04:52 Scout Tower
04:54 Scout Tower
04:55 Scout Tower
04:57 Scout Tower
04:57 Scout Tower
05:36 Town Hall
05:43 Arcane Tower
05:43 Guard Tower
05:43 Guard Tower
05:46 Farm
07:13 Farm
07:54 Scout Tower
07:55 Scout Tower
07:56 Scout Tower
07:57 Scout Tower
08:06 Castle
08:19 Arcane Sanctum
08:22 Guard Tower
08:57 Scout Tower
08:57 Scout Tower
08:59 Scout Tower
09:02 Scout Tower
09:33 Gryphon Aviary
» items
| Healing Salve | 1 | |
| Lesser Clarity Potion | 1 | |
2 total
nadman (
teal | 101 APM | 993 actions | 09:47)
2 Warden
1 Shadow Strike
1 Blink
» actions
| Assign group hotkey | 2 | |
| Basic commands | 20 | |
| Build / train | 29 | |
| ESC pressed | 1 | |
| Enter build submenu | 12 | |
| Enter hero's abilities submenu | 3 | |
| Right click | 676 | |
| Select / deselect | 109 | |
| Select group hotkey | 108 | |
| Use ability | 33 | |
993 total
» units
» buildings
| Altar of Elders | 1 | |
| Moon Well | 7 | |
| Tree of Ages | 1 | |
| Tree of Eternity | 2 | |
| Hunter's Hall | 1 | |
| Ancient of Wind | 1 | |
13 total
» build order
00:05 Altar of Elders
00:17 Moon Well
01:22 Moon Well
03:54 Tree of Ages
04:30 Moon Well
04:31 Moon Well
06:57 Tree of Eternity
07:57 Moon Well
07:57 Moon Well
08:00 Moon Well
09:03 Hunter's Hall
09:12 Ancient of Wind
» items
| Healing Salve | 1 | |
| Lesser Clarity Potion | 2 | |
| Orb of Lightning | 2 | |
| Boots of Speed | 2 | |
7 total
timg4strok (
orange | 93 APM | 914 actions | 09:47)
2 Blademaster
1 Wind Walk
1 Critical Strike
» actions
| Assign group hotkey | 6 | |
| Basic commands | 65 | |
| Build / train | 27 | |
| ESC pressed | 3 | |
| Enter build submenu | 37 | |
| Enter hero's abilities submenu | 2 | |
| Right click | 474 | |
| Select / deselect | 79 | |
| Select group hotkey | 165 | |
| Use ability | 56 | |
914 total
» units
» upgrades
| Spiked Barricades | 1 | |
| Liquid Fire | 1 | |
| Ranged Weapons | 1 | |
3 total
» buildings
| Altar of Storms | 2 | |
| Orc Burrow | 4 | |
| War Mill | 1 | |
| Watch Tower | 20 | |
| Voodoo Lounge | 4 | |
| Stronghold | 1 | |
| Beastiary | 3 | |
| Fortress | 2 | |
37 total
» build order
00:05 Altar of Storms
00:09 Altar of Storms
00:16 Orc Burrow
00:22 War Mill
01:36 Watch Tower
01:43 Watch Tower
02:18 Voodoo Lounge
02:36 Stronghold
03:09 Watch Tower
03:10 Watch Tower
03:10 Voodoo Lounge
04:01 Watch Tower
04:13 Watch Tower
04:14 Watch Tower
04:17 Watch Tower
04:32 Watch Tower
04:57 Beastiary
05:00 Beastiary
05:01 Beastiary
05:08 Fortress
05:09 Fortress
05:18 Watch Tower
05:19 Watch Tower
05:30 Watch Tower
05:39 Orc Burrow
06:07 Orc Burrow
06:07 Orc Burrow
06:39 Voodoo Lounge
06:41 Voodoo Lounge
06:50 Watch Tower
06:51 Watch Tower
07:14 Watch Tower
08:04 Watch Tower
08:08 Watch Tower
08:27 Watch Tower
09:26 Watch Tower
09:27 Watch Tower
» items
| Staff of Teleportation | 1 | |
| Boots of Speed | 1 | |
| Healing Salve | 1 | |
| Orb of Lightning | 1 | |
4 total
team 2 (loser)
HBW-StonerCraft (
red | 47 APM | 432 actions | 09:12)
1 Crypt Lord
1 Carrion Beetles
» actions
| Basic commands | 25 | |
| Build / train | 28 | |
| Enter build submenu | 11 | |
| Enter hero's abilities submenu | 1 | |
| Right click | 210 | |
| Select / deselect | 145 | |
| Use ability | 12 | |
432 total
» units
| Acolyte | 2 | |
| Ghoul | 14 | |
| Meatwagon | 2 | |
| Crypt Fiend | 2 | |
20 total
» upgrades
| Unholy Armor | 1 | |
| Unholy Strength | 1 | |
2 total
» buildings
| Crypt | 1 | |
| Ziggurat | 4 | |
| Altar of Darkness | 1 | |
| Graveyard | 1 | |
| Tomb of Relics | 1 | |
| Nerubian Tower | 1 | |
| Halls of the Dead | 1 | |
| Slaughterhouse | 2 | |
12 total
» build order
00:11 Crypt
00:13 Ziggurat
00:18 Altar of Darkness
00:46 Graveyard
01:27 Ziggurat
01:40 Tomb of Relics
02:44 Ziggurat
03:26 Nerubian Tower
05:15 Halls of the Dead
07:03 Ziggurat
07:39 Slaughterhouse
08:14 Slaughterhouse
» items
| Rod of Necromancy | 1 | |
| Dust of Appearance | 1 | |
2 total
kevo461 (
green | 53 APM | 518 actions | 09:46)
1 Pandaren Brewmaster
1 Breath of Fire
» actions
| Assign group hotkey | 7 | |
| Basic commands | 24 | |
| Build / train | 34 | |
| Enter build submenu | 19 | |
| Enter hero's abilities submenu | 1 | |
| Give item / drop item | 1 | |
| Right click | 287 | |
| Select / deselect | 89 | |
| Select group hotkey | 28 | |
| Use ability | 28 | |
518 total
» units
| Peasant | 8 | |
| Footman | 2 | |
| Rifleman | 6 | |
16 total
» buildings
| Altar of Kings | 1 | |
| Farm | 5 | |
| Barracks | 1 | |
| Blacksmith | 1 | |
| Scout Tower | 2 | |
| Arcane Tower | 2 | |
| Keep | 2 | |
| Arcane Vault | 1 | |
| Castle | 4 | |
| Workshop | 1 | |
| Town Hall | 2 | |
22 total
» build order
00:20 Altar of Kings
00:39 Farm
00:54 Barracks
01:33 Farm
02:09 Blacksmith
02:18 Scout Tower
02:50 Arcane Tower
03:58 Keep
03:59 Keep
04:09 Arcane Vault
05:10 Farm
05:14 Farm
05:19 Farm
06:24 Castle
06:24 Castle
06:24 Castle
08:08 Workshop
08:35 Town Hall
08:37 Scout Tower
08:54 Town Hall
» items
| Boots of Speed | 1 | |
| Circlet of Nobility | 1 | |
| Periapt of Vitality | 1 | |
| Staff of Teleportation | 1 | |
| Scroll of Regeneration | 1 | |
| Lesser Clarity Potion | 1 | |
| Scroll of Town Portal | 1 | |
7 total

»
STRlKE (
purple | 50 APM | 479 actions | 09:30)
2 Archmage
1 Summon Water Elemental
1 Brilliance Aura
1 Paladin
1 Holy Light
» actions
| Basic commands | 18 | |
| Build / train | 41 | |
| ESC pressed | 2 | |
| Enter build submenu | 12 | |
| Enter hero's abilities submenu | 3 | |
| Right click | 227 | |
| Select / deselect | 144 | |
| Use ability | 32 | |
479 total
» units
| Peasant | 16 | |
| Footman | 11 | |
| Priest | 1 | |
28 total
» upgrades
| Defend | 1 | |
| Lumber Harvesting | 1 | |
| Priest Training | 1 | |
3 total
» buildings
| Barracks | 1 | |
| Altar of Kings | 1 | |
| Farm | 5 | |
| Keep | 1 | |
| Lumber Mill | 1 | |
| Arcane Sanctum | 1 | |
| Blacksmith | 1 | |
| Town Hall | 1 | |
| Castle | 1 | |
13 total
» build order
00:33 Barracks
00:36 Altar of Kings
00:51 Farm
01:07 Farm
01:34 Farm
02:54 Keep
04:06 Farm
05:01 Farm
05:09 Lumber Mill
05:31 Arcane Sanctum
07:09 Blacksmith
08:13 Town Hall
08:29 Castle
Chat log
(01:46 / All) timg4strok: hey every1
(01:51 / All) nadman: hi guys
(01:52 / All) STRlKE: Haaaiii
(01:55 / All) HBW-StonerCraft: sup gl hf
(02:01 / All) timg4strok: do you remember me
(02:07 / All) timg4strok: i shit on you from 2007 and on
(02:14 / All) STRlKE: when im lonely i remember you
(02:25 / All) STRlKE: you keep me warm
(02:30 / All) STRlKE: at night :p
(02:39 / All) HBW-StonerCraft: yeah i dumped your mom a few years back
(05:58 / All) timg4strok: lmao
(05:59 / All) timg4strok: gg
(06:09 / All) kevo461: lol..
(09:15 / All) BEAR_AND: lmao
(09:15 / All) timg4strok: cya
(09:16 / All) BEAR_AND: highperch
(09:17 / All) BEAR_AND: 2012
(09:23 / All) STRlKE: lol
(09:25 / All) BEAR_AND: http://highper.ch/
(09:38 / All) kevo461: really?
(09:43 / All) BEAR_AND: yes
(09:45 / All) BEAR_AND: it's us
(09:45 / All) timg4strok: clan towa #1